cohdb
Replays
Latest Replays
All Replays
Popular Replays
Top Player Replays
Match Explorer
How It Works
Community
CoH3 Stats
Reddit
Sign in to upload your games and track your stats! →
Sign in with Steam
Match 41495022
Unlisted
Match 41495022
Overview
Messages
Build Orders
End
Panzergrenadier Squad
250 Light Carrier
Panzergrenadier Squad
Construct Light Support Kompanie
2.5-tonne Medical Truck
Construct Mechanized Kompanie
Selects Italian Infantry
Selects Guastatori Squad
Guastatori Squad
Marder III Tank Destroyer
Selects Registered Artillery
Marder III Tank Destroyer
Selects Towed Cannone da 105/28 Field Howitzer
Towed Cannone da 105/28 Field Howitzer
Construct Panzerarmee Kommand
Selects Defensive Operations
Armored Reserves
Panzergrenadier Squad
2.5-tonne Medical Truck
Selects Prepared Positions
Tiger Heavy Tank
Support Armor Elements
Selects Propaganda War
Propaganda War
Leveuille
wila
Beck
LittleFatty233
roidz
抖音呆呆河马-英3小程序
c3e
mansonchan
0
0
Comments
sign in to comment!
No comments posted yet!